 Dungeon Crawl Stone Soup version 0.13.1-34-g5444d2b (webtiles) character file.

124534 RepoMan the Cloud Mage (level 16, -5/111 HPs)
             Began as a Demonspawn Air Elementalist on Mar 13, 2014.
             Was the Champion of Sif Muna.
             Killed from afar by Nikola (11 damage)
             ... with a chain lightning
             ... on Level 14 of the Dungeon on Mar 24, 2014.
             The game lasted 13:30:48 (41568 turns).

RepoMan the Cloud Mage (DsAE)                      Turns: 41568, Time: 13:30:54

HP  -5/111       AC 16     Str 13      XL: 16   Next: 34%
MP  29/33        EV 16     Int 20      God: Sif Muna [******]
Gold 2085        SH 21     Dex 13      Spells: 11 memorised,  7 levels left

Res.Fire  : + + .   See Invis. : +   p - +4,+0 trident (flame)
Res.Cold  : . . .   Warding    : .   K - +4 robe of Night {+Inv MR+ SInv Stlth+}
Life Prot.: . . .   Conserve   : .   n - +1 shield {reflect}
Res.Poison: .       Res.Corr.  : .   (helmet unavailable)
Res.Elec. : .       Clarity    : .   (no cloak)
Sust.Abil.: . .     Spirit.Shd : .   (no gloves)
Res.Mut.  : .       Stasis     : .   (no boots)
Res.Rott. : .       Flight     : .   L - amulet of the gourmand
Gourmand  : +                        y - +0,+5 ring of slaying
                                     h - ring of the Harvest {rF++ Dex+3}

@: quite resistant to hostile enchantments, stealthy
A: horns 3, demonic guardian 2, powered by death 2, AC +10, Dex -3
a: Channel Energy, Forget Spell, Renounce Religion, Evoke Invisibility


You were on level 14 of the Dungeon.
You worshipped Sif Muna.
Sif Muna was exalted by your worship.
You were very full.

You visited 5 branches of the dungeon, and saw 31 of its levels.
You also visited: Ossuary.

You collected 3369 gold pieces.
You spent 1304 gold pieces at shops.

Inventory:

Hand weapons
 l - a +1,+1 spear of piercing (quivered)
 p - a +4,+0 trident of flaming (weapon)
 s - a +0,+0 spear of dragon slaying
Armour
 n - a +1 shield of reflection (worn)
 o - a +0 buckler
 K - the +4 robe of Night (worn) {+Inv MR+ SInv Stlth+}
   (You found it on level 15 of the Dungeon)

   It affects your resistance to hostile enchantments.
   It enhances your eyesight.
   It lets you turn invisible.
   It makes you much more stealthy.
 T - the +0 ring mail of the Hunter {Str+2 Dex+2}
   (You found it on level 2 of the Lair of Beasts)

   It affects your strength (+2).
   It affects your dexterity (+2).
Magical devices
 C - a wand of digging (3)
 H - a wand of invisibility (0)
 R - a wand of disintegration (8)
Comestibles
 c - 3 bread rations
 d - an apple
 g - a pear
 w - 2 chokos
 D - 3 meat rations
Scrolls
 b - a scroll of enchant weapon II {unknown}
 i - 6 scrolls of remove curse
 k - 3 scrolls of enchant weapon I
 m - 3 scrolls of identify
 r - a scroll of teleportation
 t - a scroll of silence
 z - a scroll of immolation
 M - a scroll of magic mapping
Jewellery
 e - an uncursed ring of positive energy
 h - the ring of the Harvest (left hand) {rF++ Dex+3}
   (You bought it in a shop on level 10 of the Dungeon)

   [ring of dexterity]

   It affects your dexterity (+3).
   It greatly protects you from fire.
 q - a +3 ring of intelligence
 y - a +0,+5 ring of slaying (right hand)
 F - an uncursed ring of poison resistance
 I - an uncursed amulet of clarity
 J - an uncursed ring of protection from cold
 L - an amulet of the gourmand (around neck)
Potions
 a - a potion of porridge
 j - 2 potions of speed
 v - 4 potions of curing
 A - a potion of resistance
 E - 2 potions of restore abilities
 G - 2 potions of brilliance
Books
 f - Sif Muna's Collected Works on Dislocated Fire
   (Sif Muna gifted it to you on level 2 of the Shoals)

   Spells                             Type                      Level
   Flame Tongue                       Conjuration/Fire             1
   Fire Brand                         Charms/Fire                  2
   Inner Flame                        Hexes/Fire                   3
   Passage of Golubria                Translocation                4
   Ignite Poison                      Fire/Transmutation           5
   Phase Shift                        Translocation                5
 u - a book of the Sky

   Spells                             Type                      Level
   *Flight                            Charms/Air                   3
   *Airstrike                         Air                          4
   Silence                            Hexes/Air                    5
   Deflect Missiles                   Charms/Air                   6
   Conjure Ball Lightning             Conjuration/Air              7
   Tornado                            Air                          9
 x - a book of the Sky

   Spells                             Type                      Level
   *Flight                            Charms/Air                   3
   *Airstrike                         Air                          4
   Silence                            Hexes/Air                    5
   Deflect Missiles                   Charms/Air                   6
   Conjure Ball Lightning             Conjuration/Air              7
   Tornado                            Air                          9
 B - a book of Wizardry

   Spells                             Type                      Level
   Summon Elemental                   Summoning                    4
   Agony                              Necromancy                   5
   Force Lance                        Conjuration                  5
   Fireball                           Conjuration/Fire             5
   Haste                              Charms                       6
   Invisibility                       Hexes                        6


   Skills:
 + Level 7.8 Fighting
 + Level 9.0 Polearms
 + Level 6.5 Armour
 - Level 9.8 Dodging
 - Level 1.7 Stealth
 + Level 6.7 Shields
 + Level 10.0 Spellcasting
 - Level 11.1 Conjurations
 - Level 5.5 Charms
 + Level 4.7 Translocations
 * Level 14.3 Air Magic


You had 7 spell levels left.
You knew the following spells:

 Your Spells              Type           Power        Failure   Level  Hunger
a - Shock                 Conj/Air       ####         1%          1    None
b - Blink                 Tloc           N/A          3%          2    None
c - Shroud of Golubria    Chrm/Tloc      ####......   2%          2    None
d - Static Discharge      Conj/Air       ######..     1%          3    None
e - Lightning Bolt        Conj/Air       ######....   1%          5    ####...
f - Mephitic Cloud        Conj/Pois/Air  #####...     1%          3    None
g - Swiftness             Chrm/Air       #####.....   1%          2    None
h - Flight                Chrm/Air       #####.....   1%          3    None
i - Apportation           Tloc           ####......   1%          1    None
r - Repel Missiles        Chrm/Air       #####.....   1%          2    None
s - Airstrike             Air            ######....   1%          4    ##.....


Dungeon Overview and Level Annotations

Branches:
Dungeon (15/27)            Temple (1/1) D:4             Orc (4/4) D:9
    Elf (0/3) Orc:3          Lair (8/8) D:12         Shoals (3/5) Lair:3
  Snake (0/5) Lair:6        Slime (0/6) Lair:8
 Vaults: D:15-20

Altars:
Ashenzari
Cheibriados
Elyvilon
Fedhas
Kikubaaqudgha
Makhleb
Nemelex Xobeh
Okawaru
Sif Muna
Trog
Vehumet
Xom
Yredelemnul
Zin
the Shining One
Beogh
Jiyva

Shops:
D:4 [   D:10 *   D:15 =   Orc:4 /([(   Shoals:2 (

Annotations:
D:14 Nikola


Innate Abilities, Weirdness & Mutations

You have a pair of large horns on your head.
You are completely covered in rough black scales (AC +10, Dex -3).
A demonic guardian rushes to your aid.
You can steal the life force of defeated enemies.


Message History

Read which item? (? for menu, Esc to quit)
Okay, then.
Unknown command.
Unknown command.
Press: ? - help, v - describe, . - travel
Here: Nikola, wielding a sabre of electrocution, wearing a cloak and wearing a pair of gauntlets The floor.
Casting: Lightning Bolt
Confirm with . or Enter, or press ? or * to list all spells.
You miscast Blink.
Nothing appears to happen.
Nikola gestures wildly while chanting.
You hear a mighty clap of thunder!
The lightning arc hits you!
* * * LOW HITPOINT WARNING * * *
The lightning arc hits your smoke demon.
Your smoke demon dies!
The lightning arc hits you!
* * * LOW HITPOINT WARNING * * *
The lightning arc hits Nikola.
The lightning arc hits you!
You die...

........
.##.....≈≈.≈≈≈≈≈
#.......
....#..≈≈.≈≈≈≈≈
#(......
...............
#....... ≈
#.......%.....
#.......
.≈.##.#..%%..#...
##.......
.........#.###...
###.........
#..#.>..#### #...
#.......##. ###.#....#
#### ##....###
##@#......##
##....#####..@..##...#
#...................#
#................#..#
#...#..#.........####
###.####......#.## ###
####..#### #.## ###


You could see Nikola.

Vanquished Creatures
  Polyphemus (Shoals:2)
  Agnes (Shoals:1)
  Frances (Shoals:1)
  A sphinx (shapeshifter) (D:15)
  Donald (Shoals:1)
  An orc warlord (Orc:4)
  Jorgrun (Shoals:1)
  The ghost of w4ldf33 the Warrior, a powerful GrFi of Nemelex Xobeh (Orc:3)
  An ettin (D:15)
  A dragon (Lair:8)
  A siren (Shoals:1)
  Nessos (Shoals:2)
  5 hydras
  Erica (Lair:1)
  13 death yaks
  2 orc high priests (Orc:4)
  2 catoblepae
  Nergalle (D:10)
  An iron golem (D:15)
  2 fire crabs (Shoals:1)
  7 sea snakes
  2 unseen horrors
  6 hill giants
  A swamp dragon (shapeshifter) (D:15)
  Joseph (D:7)
  3 orc knights
  2 orc sorcerers
  11 harpies
  4 griffons
  A spiny worm (Lair:7)
  10 cyclopes
  A black mamba (Lair:1)
  13 spiny frogs
  Psyche (D:13)
  An orange demon (Shoals:1)
  5 fire drakes
  A yaktaur (D:15)
  2 feature mimics
  2 polar bears
  11 mermaids
  10 komodo dragons
  8 trolls
  2 deep elf priests (D:14)
  A queen bee (Lair:3)
  18 blink frogs
  2 hydra skeletons
  3 snapping turtles
  2 two-headed ogres
  A water elemental (D:14)
  4 wraiths
  2 wyverns
  4 slime creatures (D:15)
  6 basilisks
  A trapdoor spider (shapeshifter) (D:14)
  71 yaks
  13 ugly things
  8 sharks
  3 hill giant zombies
  4 steam dragons
  Eustachio (D:5)
  2 elephant slugs
  A deep elf fighter (D:12)
  35 merfolk
  2 hill giant skeletons (D:15)
  5 hungry ghosts
  19 hippogriffs
  11 wolves (Lair:4)
  9 manticores
  A soldier ant (D:12)
  Menkaure (D:5)
  2 swamp drakes (Lair:8)
  2 necrophages (D:7)
  2 humans
  A mottled dragon (D:15)
  33 orc warriors
  A black bear (D:7)
  2 sky beasts
  10 porcupines
  3 phantoms
  2 ice beasts
  3 giant goldfish
  10 ogres
  8 centaurs
  2 nagas (Lair:6)
  13 crocodiles
  Sigmund (D:3)
  Duvessa (D:7)
  7 boring beetles
  4 wargs
  5 giant slugs
  A gnoll sergeant (D:7)
  A manticore zombie (D:14)
  13 big kobolds
  A cyclops zombie (D:14)
  13 water moccasins
  6 agate snails
  A rock worm zombie (D:15)
  16 killer bees
  20 giant frogs
  2 lava fish (Shoals:1)
  2 troll zombies
  A jellyfish (Lair:3)
  2 giant goldfish zombies (D:2)
  3 hippogriff skeletons
  5 wights
  2 yak skeletons
  2 fire bats (Shoals:1)
  An electric eel (Lair:8)
  29 orc priests
  Dowan (D:7)
  2 goliath beetles
  13 crimson imps
  2 gnoll shamans
  2 big fish (Lair:8)
  A quasit (D:13)
  11 hounds
  4 jellies
  A warg zombie (Orc:4)
  14 iguanas
  4 iron imps
  30 orc wizards
  4 scorpions
  8 worker ants
  A mottled dragon zombie (D:12)
  15 sheep
  A big kobold zombie (D:14)
  An ogre skeleton (D:7)
  2 hound zombies
  6 mummies
  2 worker ant zombies
  16 gnolls
  3 giant centipedes
  43 green rats
  5 lemures
  An elf skeleton (D:7)
  26 adders
  4 white imps
  5 giant mites
  5 worms
  6 ufetubi
  2 adder zombies (Ossuary)
  An iguana zombie (D:11)
  3 giant eyeballs
  13 giant geckos
  An ooze (D:3)
  195 orcs
  A ball python (D:1)
  29 bats
  A bat zombie (D:6)
  6 giant cockroaches
  16 hobgoblins
  28 jackals
  36 kobolds
  7 giant newts
  2 giant spores
  24 goblins
  A hobgoblin zombie (D:6)
  5 human zombies (D:7)
  A jackal zombie (Ossuary)
  2 kobold zombies (Ossuary)
  An orc skeleton (D:4)
  11 orc zombies
  14 quokkas
  33 rats
  2 ballistomycetes
  3 fungi
  6 plants
1290 creatures vanquished.

Vanquished Creatures (collateral kills)
  2 hydras
  2 death yaks (Lair:5)
  2 hill giants
  A harpy (Shoals:1)
  2 griffons (Lair:8)
  A slime creature (D:15)
  5 blink frogs
  A neqoxec (Shoals:1)
  11 yaks
  A merfolk (Shoals:1)
  2 ogres
  An orc warrior (D:8)
  An ice beast (D:8)
  A phantom (D:9)
  A crocodile (Lair:8)
  A centaur (D:14)
  A giant slug (Lair:4)
  A water moccasin (Lair:8)
  An agate snail (Lair:5)
  2 hounds
  A jelly (D:13)
  A scorpion (D:4)
  2 iguanas
  A basilisk skeleton (D:11)
  A quasit (D:8)
  An orc wizard (Orc:4)
  A big kobold zombie (Ossuary)
  2 mummies
  2 adder zombies (Ossuary)
  A giant eyeball (D:8)
  3 orcs (Orc:4)
  A bat (D:12)
  A gnoll zombie (Ossuary)
  A goblin zombie (Ossuary)
  An orc zombie (Ossuary)
  A rat (Lair:1)
61 creatures vanquished.

Vanquished Creatures (others)
  2 sixfirhies (D:15)
  2 smoke demons
  A blink frog (Lair:3)
  An ice beast (D:13)
  24 crimson imps
  39 iron imps
  2 orc wizards (Orc:1)
  33 lemures
  52 white imps
  31 ufetubi
  A quokka (D:7)
  14 fungi
  7 plants
209 creatures vanquished.

Grand Total: 1560 creatures vanquished

Notes
Turn   | Place    | Note
--------------------------------------------------------------
     0 | D:1      | RepoMan, the Demonspawn Air Elementalist, began the quest for the Orb.
     0 | D:1      | Reached XP level 1. HP: 13/13 MP: 3/3
   400 | D:1      | Gained mutation: You can steal the life force of nearby defeated enemies. [demonic ancestry]
   400 | D:1      | Reached XP level 2. HP: 19/19 MP: 0/4
   460 | D:1      | Learned a level 2 spell: Swiftness
   763 | D:1      | Reached skill level 3 in Air Magic
   864 | D:1      | Gained mutation: You are partially covered in rough black scales (AC +4, Dex -1). [demonic ancestry]
   864 | D:1      | Reached XP level 3. HP: 24/24 MP: 1/6
  1669 | D:2      | Reached XP level 4. HP: 30/30 MP: 2/7
  1673 | D:2      | Learned a level 2 spell: Repel Missiles
  1710 | D:2      | Gained mutation: A weak demonic guardian rushes to your aid. [demonic ancestry]
  1710 | D:2      | Reached XP level 5. HP: 35/35 MP: 4/9
  1717 | D:2      | Found a basalt altar of Yredelemnul.
  2047 | D:3      | Found a deep blue altar of Sif Muna.
  2050 | D:3      | Became a worshipper of Sif Muna the Loreminder
  2299 | D:3      | Noticed Sigmund
  2453 | D:4      | Learned a level 3 spell: Static Discharge
  2574 | D:4      | Found a staircase to the Ecumenical Temple.
  2595 | Temple   | Entered the Ecumenical Temple
  2737 | D:4      | Found Ilessoma's Armour Emporium.
  2741 | D:4      | Paralysed by a giant eyeball for 4 turns
  2808 | D:4      | Paralysed by a giant eyeball for 4 turns
  3010 | D:5      | Entered Level 5 of the Dungeon
  3048 | D:5      | Got a pitted sabre
  3064 | D:5      | Noticed a phantom
  3071 | D:5      | Noticed Menkaure
  3238 | D:5      | Reached XP level 6. HP: 31/41 MP: 6/11
  3360 | D:5      | Reached skill level 4 in Conjurations
  3510 | D:5      | Found a sand-covered staircase.
  3517 | Ossuary  | Entered an ossuary
  3567 | Ossuary  | Acquired Sif Muna's first power
  4105 | D:5      | Noticed a centaur
  4114 | D:5      | Killed a centaur
  4114 | D:5      | Gained mutation: You have a pair of small horns on your head. [demonic ancestry]
  4114 | D:5      | Reached XP level 7. HP: 39/46 MP: 11/13
  4135 | D:5      | Noticed Eustachio
  4306 | D:6      | Learned a level 3 spell: Flight
  4550 | D:6      | Reached skill level 5 in Air Magic
  4665 | D:6      | Reached skill level 5 in Conjurations
  4818 | D:6      | Gained mutation: You have a pair of horns on your head. [demonic ancestry]
  4818 | D:6      | Reached XP level 8. HP: 52/52 MP: 14/17
  5182 | D:6      | Found a shimmering altar of Xom.
  5243 | D:7      | Acquired Sif Muna's second power
  5298 | D:7      | Reached skill level 1 in Polearms
  5332 | D:7      | Reached skill level 6 in Air Magic
  5502 | D:7      | Noticed Joseph
  5600 | D:7      | Killed Joseph
  5600 | D:7      | Reached skill level 1 in Shields
  5600 | D:7      | Reached skill level 7 in Air Magic
  5600 | D:7      | Reached XP level 9. HP: 31/57 MP: 15/20
  5863 | D:7      | Reached skill level 5 in Dodging
  5878 | D:7      | Found a white marble altar of Elyvilon.
  5914 | D:7      | Reached skill level 5 in Spellcasting
  5977 | D:7      | Noticed Duvessa
  5977 | D:7      | Noticed Dowan
  5992 | D:7      | Killed Duvessa
  5993 | D:7      | Killed Dowan
  6000 | D:7      | Found a blossoming altar of Fedhas.
  6316 | D:7      | Learned a level 5 spell: Lightning Bolt
  6612 | D:7      | Found an ancient bone altar of Kikubaaqudgha.
  7068 | D:8      | Found a snail-covered altar of Cheibriados.
  7198 | D:8      | Gained mutation: You are mostly covered in rough black scales (AC +7, Dex -2). [demonic ancestry]
  7198 | D:8      | Reached XP level 10. HP: 60/63 MP: 17/22
  7295 | D:8      | Reached skill level 8 in Air Magic
  8207 | D:9      | Acquired Sif Muna's third power
  8279 | D:9      | Found a staircase to the Orcish Mines.
  8597 | D:9      | Found a roughly hewn altar of Beogh.
  8940 | D:9      | Got a warped ring mail
  8951 | D:9      | Identified the cursed -3 ring mail of Odit {rElec Dex+2} (You found it on level 9 of the Dungeon)
  9067 | D:9      | Found a bloodstained altar of Trog.
  9568 | D:8      | Paralysed by a giant eyeball for 3 turns
  9578 | D:8      | Paralysed by a giant eyeball for 2 turns
  9687 | D:5      | Killed a phantom
  9743 | D:5      | Killed Eustachio
  9778 | D:5      | Killed Menkaure
  9836 | D:5      | Reached skill level 9 in Air Magic
 10247 | D:3      | Killed Sigmund
 10680 | D:10     | Entered Level 10 of the Dungeon
 10745 | D:10     | Found Gaubit's Assorted Antiques.
 10911 | D:10     | Gained mutation: You have a pair of large horns on your head. [demonic ancestry]
 10911 | D:10     | Reached XP level 11. HP: 68/68 MP: 21/25
 10952 | D:10     | Got a crude lapis lazuli ring
 10954 | D:10     | Identified the ring "Horphoehu" {-Cast rF+ MR Dam+3} (You found it on level 10 of the Dungeon)
 10962 | D:10     | Noticed a hill giant
 10976 | D:10     | Killed a hill giant
 11449 | D:10     | Noticed Nergalle
 11459 | D:10     | Killed Nergalle
 11695 | D:11     | Noticed a hill giant
 11706 | D:10     | Killed a hill giant
 11743 | D:10     | Reached skill level 5 in Polearms
 12887 | D:12     | Reached skill level 5 in Shields
 12930 | D:12     | Found a staircase to the Lair.
 12995 | Lair:1   | Entered Level 1 of the Lair of Beasts
 13023 | Lair:1   | Reached skill level 10 in Air Magic
 13116 | Lair:1   | Noticed Erica
 13133 | Lair:1   | Killed Erica
 13133 | Lair:1   | Received a gift from Sif Muna
 13134 | Lair:1   | Identified Sif Muna's Tome of Harmful Poisoning (Sif Muna gifted it to you on level 1 of the Lair of Beasts)
 13139 | Lair:1   | Learned a level 3 spell: Mephitic Cloud
 14316 | Lair:2   | Gained mutation: You can steal the life force of defeated enemies. [demonic ancestry]
 14316 | Lair:2   | Reached XP level 12. HP: 74/74 MP: 20/27
 14392 | Lair:2   | Got a polished ring mail
 14411 | Lair:2   | Identified the +0 ring mail of the Hunter {Str+2 Dex+2} (You found it on level 2 of the Lair of Beasts)
 14478 | Lair:2   | Reached skill level 1 in Armour
 14996 | D:10     | Reached skill level 1 in Fighting
 15048 | D:10     | Bought a scroll of identify for 64 gold pieces
 15048 | D:10     | Bought a faintly glowing marble ring for 800 gold pieces
 15049 | D:10     | Identified the ring of the Harvest {rF++ Dex+3} (You bought it in a shop on level 10 of the Dungeon)
 15690 | Lair:3   | Reached skill level 1 in Charms
 16084 | Lair:3   | Found a staircase to the Shoals.
 16767 | Lair:4   | Reached skill level 11 in Air Magic
 17432 | Lair:5   | Found a staircase to the Shoals.
 17507 | Lair:5   | the staircase to the Shoals was a mimic.
 17650 | Lair:5   | Reached XP level 13. HP: 64/83 MP: 18/28
 17845 | Lair:5   | Received a gift from Sif Muna
 18812 | Lair:6   | Found a hole to the Spider Nest.
 18823 | Lair:6   | the hole to the Spider Nest was a mimic.
 19380 | Lair:6   | Learned a level 2 spell: Blink
 19568 | Lair:6   | Found a staircase to the Snake Pit.
 20462 | Lair:7   | Reached skill level 1 in Translocations
 21142 | Lair:7   | Learned a level 2 spell: Shroud of Golubria
 21143 | Lair:8   | Entered Level 8 of the Lair of Beasts
 21706 | Lair:8   | Reached skill level 10 in Conjurations
 21917 | Lair:8   | Received a gift from Sif Muna
 22229 | Lair:8   | Reached skill level 12 in Air Magic
 22439 | Lair:8   | Reached XP level 14. HP: 92/92 MP: 18/29
 22785 | Lair:8   | Found a viscous altar of Jiyva.
 22786 | Lair:8   | Found a staircase to the Slime Pits.
 24416 | Lair:2   | Learned a level 1 spell: Apportation
 24424 | Lair:2   | Learned a level 5 spell: Force Lance
 24513 | D:12     | Noticed a hill giant
 24530 | D:12     | Killed a hill giant
 24751 | D:12     | Noticed an eight-headed hydra
 24759 | D:12     | Killed an eight-headed hydra
 24759 | D:12     | Reached skill level 5 in Armour
 25202 | D:13     | Noticed Psyche
 25228 | D:13     | Killed Psyche
 25434 | D:13     | Reached skill level 5 in Fighting
 26056 | D:13     | Found a blossoming altar of Fedhas.
 26358 | D:14     | Entered Level 14 of the Dungeon
 26552 | D:14     | Found a shattered altar of Ashenzari.
 26974 | D:14     | Found a burning altar of Makhleb.
 27095 | D:14     | Received a gift from Sif Muna
 27096 | D:14     | Identified Sif Muna's Collected Works on Flight (Sif Muna gifted it to you on level 14 of the Dungeon)
 27131 | D:13     | Learned a level 4 spell: Airstrike
 27290 | D:14     | Found a basalt altar of Yredelemnul.
 27775 | Orc:1    | Entered Level 1 of the Orcish Mines
 27960 | Orc:1    | Reached skill level 5 in Charms
 28949 | Orc:3    | Found a staircase to the Elven Halls.
 29086 | Orc:3    | Noticed w4ldf33's ghost (powerful GrFi)
 29658 | Orc:3    | Killed w4ldf33's ghost
 30307 | Orc:4    | Entered Level 4 of the Orcish Mines
 30351 | Orc:4    | Found a roughly hewn altar of Beogh.
 31251 | Orc:4    | Gained mutation: You are completely covered in rough black scales (AC +10, Dex -3). [demonic ancestry]
 31251 | Orc:4    | Reached XP level 15. HP: 90/100 MP: 13/31
 31312 | Orc:4    | Found a roughly hewn altar of Beogh.
 31313 | Orc:4    | Found Zaoschus' Magical Wand Boutique.
 31389 | Orc:4    | Found a roughly hewn altar of Beogh.
 31483 | Orc:4    | Found a roughly hewn altar of Beogh.
 31523 | Orc:4    | Found a roughly hewn altar of Beogh.
 31550 | Orc:4    | Found Daetoini's Antique Weapon Shop.
 31703 | Orc:4    | Noticed an orc warlord
 31726 | Orc:4    | Killed an orc warlord
 32146 | Orc:4    | Found a roughly hewn altar of Beogh.
 32147 | Orc:4    | Found Thuguich's Antique Armour Shop.
 32162 | Orc:4    | Found Wymanniz's Antique Weapon Boutique.
 32552 | Shoals:1 | Entered Level 1 of the Shoals
 33475 | Shoals:1 | Noticed Agnes
 33532 | Shoals:1 | Killed Agnes
 33532 | Shoals:1 | Reached skill level 13 in Air Magic
 33587 | Shoals:1 | Identified Sif Muna's Tome of the Fox
 34062 | Shoals:1 | Got an encrusted bow
 34073 | Shoals:1 | Identified the cursed +2,+0 bow "Ynaijuk" {flame, rN+ Dex+1} (You took it off a mermaid on level 1 of the Shoals)
 34453 | Shoals:2 | Noticed Nessos
 34463 | Shoals:2 | Noticed Polyphemus
 34467 | Shoals:2 | Killed Nessos
 34976 | Shoals:2 | Noticed Frances
 35019 | Shoals:2 | Noticed Jorgrun
 35114 | Shoals:2 | Noticed Donald
 35139 | Shoals:1 | Killed Frances
 35139 | Shoals:1 | Gained mutation: You occasionally shout uncontrollably. [a neqoxec]
 35144 | Shoals:1 | Gained mutation: Your body is slowly deteriorating. [a neqoxec]
 35366 | Lair:2   | Gained mutation: You tend to lose your temper in combat. [potion of mutation]
 35366 | Lair:2   | Lost mutation: You occasionally shout uncontrollably. [potion of mutation]
 35367 | Lair:2   | Gained mutation: You are clumsy. (Dex -2) [potion of mutation]
 35367 | Lair:2   | Gained mutation: You have a slow metabolism. [potion of mutation]
 35368 | Lair:2   | Lost mutation: Your body is slowly deteriorating. [potion of cure mutation]
 35368 | Lair:2   | Lost mutation: You tend to lose your temper in combat. [potion of cure mutation]
 35368 | Lair:2   | Lost mutation: You are clumsy. (Dex -2) [potion of cure mutation]
 35368 | Lair:2   | Lost mutation: You have a slow metabolism. [potion of cure mutation]
 35657 | Shoals:2 | Found Hiunuuciga's Weapon Shop.
 36573 | Shoals:2 | Received a gift from Sif Muna
 36574 | Shoals:2 | Identified Sif Muna's Collected Works on Dislocated Fire (Sif Muna gifted it to you on level 2 of the Shoals)
 36847 | Shoals:1 | Killed Donald
 36938 | Shoals:1 | Killed Jorgrun
 36973 | Shoals:2 | Killed Polyphemus
 38808 | Lair:3   | Upgraded the game from 0.13.1-28-g3517093 to 0.13.1-34-g5444d2b
 38935 | D:14     | Noticed Nikola
 39005 | D:15     | Entered Level 15 of the Dungeon
 39026 | D:15     | Gained mutation: A demonic guardian rushes to your aid. [demonic ancestry]
 39026 | D:15     | Reached XP level 16. HP: 110/110 MP: 22/32
 39048 | D:15     | Reached skill level 14 in Air Magic
 39599 | D:15     | Got an encrusted longbow
 39666 | D:15     | Noticed a quicksilver dragon
 39666 | D:15     | an iron troll changed into a quicksilver dragon
 39669 | D:15     | a quicksilver dragon changed into a sphinx
 39896 | D:15     | Identified the cursed -2,-1 longbow "Xayxtaoq" {frost, rPois rC+} (You took it off an orc knight on level 15 of the Dungeon)
 40463 | D:15     | Found Streqala's Jewellery Boutique.
 40476 | D:15     | Bought an uncursed ring of poison resistance for 220 gold pieces
 40477 | D:15     | Bought an uncursed amulet of clarity for 220 gold pieces
 41242 | D:14     | Reached skill level 10 in Spellcasting
 41568 | D:14     | Killed from afar by Nikola

Action                   |  1- 3 |  4- 6 |  7- 9 | 10-12 | 13-15 | 16-18 || total
-------------------------+-------+-------+-------+-------+-------+-------++-------
Melee: Unarmed           |    22 |       |       |       |       |       ||    22
       Spear             |    33 |    79 |     2 |       |   295 |       ||   409
       Trident           |       |    77 |    88 |   792 |  1915 |   364 ||  3236
 Fire: Blowgun           |       |       |     3 |     1 |       |       ||     4
Throw: Spear             |       |       |       |       |     2 |       ||     2
 Cast: Shock             |    61 |    82 |   233 |   749 |   469 |    14 ||  1608
       Swiftness         |       |     6 |     2 |     1 |     7 |     1 ||    17
       Static Discharge  |       |     3 |       |     7 |    14 |       ||    24
       Repel Missiles    |       |     2 |     3 |    10 |    44 |     1 ||    60
       Lightning Bolt    |       |       |       |    28 |   154 |    37 ||   219
       Mephitic Cloud    |       |       |       |     2 |    92 |    12 ||   106
       Flight            |       |       |       |       |    56 |       ||    56
       Blink             |       |       |       |       |     5 |     2 ||     7
       Shroud of Golubri |       |       |       |       |    73 |     3 ||    76
       Airstrike         |       |       |       |       |    62 |     6 ||    68
       Force Lance       |       |       |       |       |     9 |       ||     9
       Apportation       |       |       |       |       |     2 |       ||     2
Invok: Forget Spell      |       |       |       |       |     1 |       ||     1
       Channel Energy    |       |       |       |       |     4 |     1 ||     5
Evoke: Wand              |       |     2 |     7 |    14 |    41 |     2 ||    66
  Use: Scroll            |       |    14 |     9 |    13 |    23 |     3 ||    62
       Potion            |       |     1 |       |     9 |    26 |       ||    36
 Stab: Sleeping          |       |     1 |     3 |     2 |     1 |       ||     7
       Confused          |       |       |       |     1 |    59 |     9 ||    69
       Paralysed         |       |       |       |     2 |     4 |       ||     6
       Distracted        |       |       |       |     1 |     6 |       ||     7
       Invisible         |       |       |       |       |     9 |       ||     9
       Betrayed ally     |       |       |       |       |     1 |       ||     1
